 Dungeon Crawl Stone Soup version 0.20.1-1-g8b1a95d (webtiles) character file.

3947 manon the Carver (level 10, -14/70 HPs)
             Began as a Demonspawn Fighter on Sept 6, 2017.
             Was an Initiate of Ashenzari.
             Demolished by Psyche
             ... wielding a +3 dagger of distortion
              (18 damage)
             ... on level 8 of the Dungeon.
             The game lasted 00:35:36 (6404 turns).

manon the Carver (Demonspawn Fighter)               Turns: 6404, Time: 00:35:36

Health: -14/70     AC:  8    Str: 19    XL:     10   Next: 2%
Magic:  0/10       EV: 14    Int: 11    God:    Ashenzari [......]
Gold:   395        SH:  9    Dex: 15    Spells: 6/9 levels left

rFire    . . .     SeeInvis .   a - +0 long sword
rCold    + . .     Gourm    .   c - +0 shield (curse)
rNeg     . . .     Faith    .   I - +0 scale mail (curse)
rPois    .         Spirit   +   C - +0 helmet
rElec    .         Reflect  .   (no cloak)
rCorr    .         Harm     .   i - +0 pair of gloves
MR       .....                  (no boots)
Stlth    ..........             k - amulet of guardian spirit
Regen    0.3/turn               y - ring of protection from cold
MPRegen  0.2/turn               q - +3 ring of dexterity

@: no status effects
A: hooves 1, repulsion field 2, demonic guardian 1, powered by death 1
a: Curse Item, Renounce Religion


You were on level 8 of the Dungeon.
You worshipped Ashenzari.
Ashenzari was noncommittal.
You were very hungry.

You visited 2 branches of the dungeon, and saw 9 of its levels.

You collected 395 gold pieces.

Inventory:

Hand Weapons
 a - a +0 long sword (weapon)
 b - a +0 hunting sling
Missiles
 v - 4 curare-tipped needles
 w - 60 bolts
 P - 35 sling bullets
Armour
 c - a cursed +0 shield (worn)
 i - a +0 pair of gloves (worn)
 C - a +0 helmet (worn)
 D - a +1 hat
 I - a cursed +0 scale mail (worn)
Jewellery
 j - an uncursed ring of fire
 k - an amulet of guardian spirit (around neck)
 o - an uncursed ring of wizardry
 q - a +3 ring of dexterity (right hand)
 y - a ring of protection from cold (left hand)
 O - an uncursed ring of stealth
 Q - an uncursed ring of stealth
Wands
 J - a wand of random effects (33/48)
 N - a wand of confusion (22/48)
Scrolls
 e - 5 scrolls of remove curse
 h - a scroll of identify
 m - 2 scrolls of fear
 n - 2 scrolls of blinking {unknown}
 r - 3 scrolls of magic mapping
 s - a scroll of teleportation {unknown}
 u - 4 scrolls of immolation
 z - 4 scrolls of amnesia
 E - 4 scrolls of fog
 F - a scroll of enchant weapon {unknown}
 H - 3 scrolls of enchant armour {unknown}
Potions
 d - a potion of might
 g - 3 potions of flight
 t - a potion of haste {unknown}
 x - 3 potions of curing
 A - 2 potions of mutation {unknown}
 B - a potion of brilliance {unknown}
 M - a potion of degeneration {unknown}
Books
 K - a book of Necromancy

   Spells                             Type                      Level
   a - Pain                           Necromancy                   1
   b - Animate Skeleton               Necromancy                   1
   c - Vampiric Draining              Necromancy                   3
   d - Regeneration                   Charms/Necromancy            3
   e - Animate Dead                   Necromancy                   4
   f - Control Undead                 Necromancy                   4
 L - a book of Ice

   Spells                             Type                      Level
   a - Ice Form                       Ice/Transmutation            4
   b - Metabolic Englaciation         Hexes/Ice                    5
   c - Ozocubu's Refrigeration        Ice                          6
   d - Bolt of Cold                   Conjuration/Ice              6
   e - Freezing Cloud                 Conjuration/Ice/Air          6
   f - Simulacrum                     Ice/Necromancy               6
Comestibles
 f - 5 bread rations
 l - 3 royal jellies
 p - 2 fruits
 G - a meat ration


   Skills:
 - Level 3.0 Fighting
 * Level 11.0 Long Blades
 - Level 2.6 Armour
 + Level 7.2 Dodging
 - Level 2.6 Shields


You had 6 spell levels left.
You knew the following spells:

 Your Spells              Type           Power        Failure   Level  Hunger
a - Regeneration          Chrm/Necr      #.........   100%        3    ####...


Dungeon Overview and Level Annotations

Branches:
Dungeon (8/15)             Temple (1/1) D:7
   Lair: D:8-11

Altars:
Ashenzari
Cheibriados
Fedhas
Gozag
Hepliaklqana
Kikubaaqudgha
Makhleb
Nemelex Xobeh
Qazlal
Sif Muna
Trog
Vehumet
Xom
Yredelemnul
Zin
The Shining One

Shops:
D:4 *

Annotations:
D:6 Thaneod's ghost, novice MiBe
D:8 Psyche


Innate Abilities, Weirdness & Mutations

You have large cloven feet.
You are surrounded by a moderate repulsion field. (EV +3)
A weak demonic guardian rushes to your aid.
You regenerate a little health from kills.


Message History

You block Psyche's attack.
a - a +0 long sword (weapon)
Your ufetubus barely misses Psyche.
Your ufetubus hits Psyche but does no damage.
Psyche bursts into tears.
You block Psyche's attack.
You miss Psyche. You kick Psyche, but do no damage.
Psyche is moderately wounded.
You block Psyche's attack.
Your ufetubus hits Psyche but does no damage.
Your ufetubus closely misses Psyche.
Psyche hits you with a dagger of distortion.
Space warps horribly around you!
* * * LOW HITPOINT WARNING * * *
Your ufetubus hits Psyche.
Your ufetubus hits Psyche but does no damage.
Psyche hits you with a dagger of distortion.
* * * LOW HITPOINT WARNING * * *
Space warps horribly around you!
You die...

##############
#(...5@@.....###########
##(#########............
.#.#.##.#######
#############
..@............
.#.#.##?##..... # #.#
.... #.# ... #.# ## #.#


You could see Psyche and a friendly ufetubus.

Vanquished Creatures
  Pikel (D:5)
  A wolf spider zombie (D:8)
  A kobold demonologist (D:7)
  A hellwing (D:8)
  Grinder (D:6)
  3 hippogriffs
  2 meliai zombies (D:8)
  An ice beast (D:6)
  2 ogres
  2 phantoms
  A water moccasin skeleton (D:7)
  4 crimson imps
  2 centaur zombies
  A bullfrog zombie (D:7)
  A jelly (D:8)
  3 orc wizards
  5 orc priests
  2 bullfrog skeletons
  Jessica (D:2)
  3 iguanas
  2 worker ants
  A hound skeleton (D:7)
  Robin (D:3)
  4 gnolls (D:7)
  5 adders
  4 shadow imps
  An ooze (D:2)
  2 adder zombies
  An adder skeleton (D:5)
  3 worms
  4 dart slugs
  7 leopard geckos
  28 orcs
  12 bats
  2 giant cockroaches
  15 goblins
  14 hobgoblins
  7 kobolds
  3 quokkas
  2 ball pythons
  5 frilled lizards
  A quokka zombie (D:6)
  7 rats
169 creatures vanquished.

Vanquished Creatures (collateral kills)
  A sky beast (D:7)
  An orc (D:8)
  A kobold (D:7)
3 creatures vanquished.

Vanquished Creatures (others)
  A jelly (D:5)
  An orc priest (D:5)
2 creatures vanquished.

Grand Total: 174 creatures vanquished

Notes
Turn   | Place    | Note
-------+----------+-------------------------------------------
     0 | D:1      | manon the Demonspawn Fighter began the quest for the Orb.
     0 | D:1      | Reached XP level 1. HP: 18/18 MP: 1/1
    42 | D:1      | Reached skill level 2 in Long Blades
   290 | D:1      | Gained mutation: You are surrounded by a mild repulsion field. (EV +2) [demonic ancestry]
   290 | D:1      | Reached XP level 2. HP: 21/24 MP: 2/2
   557 | D:1      | Reached skill level 3 in Long Blades
   762 | D:2      | Gained mutation: You have large cloven feet. [demonic ancestry]
   762 | D:2      | Reached XP level 3. HP: 29/29 MP: 3/3
   796 | D:2      | Reached skill level 1 in Dodging
   806 | D:2      | Reached XP level 4. HP: 28/35 MP: 4/4
   854 | D:2      | Reached skill level 4 in Long Blades
   906 | D:2      | Noticed Jessica
   912 | D:2      | Killed Jessica
   912 | D:2      | Reached XP level 5. HP: 24/41 MP: 5/5
  1324 | D:3      | Found a shimmering altar of Xom.
  1466 | D:3      | Noticed Robin
  1508 | D:3      | Killed Robin
  1752 | D:3      | Reached skill level 5 in Long Blades
  2038 | D:4      | Reached XP level 6. HP: 26/47 MP: 6/6
  2196 | D:4      | Found Xesao's Assorted Antiques.
  3023 | D:5      | Entered Level 5 of the Dungeon
  3145 | D:5      | Noticed Pikel
  3145 | D:5      | Noticed a slave
  3145 | D:5      | Noticed a slave
  3147 | D:5      | Noticed a slave
  3165 | D:5      | Killed Pikel
  3165 | D:5      | Reached skill level 7 in Long Blades
  3165 | D:5      | Reached XP level 7. HP: 46/52 MP: 7/7
  3570 | D:5      | Found a glowing silver altar of Zin.
  3571 | D:5      | Found an ancient bone altar of Kikubaaqudgha.
  3700 | D:5      | Gained mutation: A weak demonic guardian rushes to your aid. [demonic ancestry]
  3700 | D:5      | Reached XP level 8. HP: 58/58 MP: 8/8
  4051 | D:6      | Noticed Thaneod's ghost (novice MiBe)
  4138 | D:6      | Found a blossoming altar of Fedhas.
  4170 | D:6      | Learned a level 3 spell: Regeneration
  4216 | D:6      | Noticed Grinder
  4244 | D:6      | Paralysed by Grinder for 6 turns
  4253 | D:6      | Killed Grinder
  4253 | D:6      | Reached skill level 8 in Long Blades
  4663 | D:6      | Reached skill level 5 in Dodging
  5080 | D:7      | Found a staircase to the Ecumenical Temple.
  5089 | Temple   | Entered the Ecumenical Temple
  5151 | Temple   | Became a worshipper of Ashenzari the Shackled
  5333 | D:7      | Noticed a hippogriff
  5350 | D:7      | Killed a hippogriff
  5350 | D:7      | Reached skill level 9 in Long Blades
  5486 | D:7      | Noticed a kobold demonologist
  5499 | D:7      | Noticed an orange demon
  5505 | D:7      | Killed a kobold demonologist
  5505 | D:7      | Gained mutation: You are surrounded by a moderate repulsion field. (EV +3) [demonic ancestry]
  5505 | D:7      | Reached XP level 9. HP: 29/63 MP: 1/9
  5804 | D:8      | Noticed a hellwing
  5844 | D:8      | Killed a hellwing
  5844 | D:8      | Reached skill level 10 in Long Blades
  6048 | D:8      | Noticed a hellwing
  6201 | D:8      | Reached skill level 11 in Long Blades
  6305 | D:8      | Gained mutation: You regenerate a little health from kills. [demonic ancestry]
  6305 | D:8      | Reached XP level 10. HP: 55/70 MP: 6/10
  6387 | D:8      | Noticed Psyche
  6404 | D:8      | Demolished by Psyche

Skill      XL: |  1  2  3  4  5  6  7  8  9 |
---------------+----------------------------+-----
Long Blades    | 2 3 4 5 7 9 11 | 11.0
Dodging        | 1 2 4 5 7 |  7.2
Fighting       | |  3.0
Armour         | |  2.6
Shields        | |  2.6

Action                   |  1- 3 |  4- 6 |  7- 9 | 10-12 || total
-------------------------+-------+-------+-------+-------++-------
Melee: Long sword        |    96 |   245 |   327 |     7 ||   675
       Kick              |     6 |    63 |   126 |     2 ||   197
 Fire: Hunting sling     |       |       |       |     3 ||     3
Invok: Curse Item        |       |       |     2 |       ||     2
  Use: Scroll            |       |     1 |     6 |       ||     7
       Potion            |       |       |     8 |       ||     8
 Stab: Distracted        |       |       |     1 |       ||     1
  Eat: Chunk             |       |     7 |     9 |       ||    16
       Fruit             |       |     1 |     1 |       ||     2
Armor: Scale mail        |    35 |    87 |    64 |     3 ||   189
Dodge: Dodged            |    31 |    90 |   142 |     1 ||   264
Block: Shield            |    55 |   128 |   129 |     3 ||   315
       Rpst.: Long sword |     8 |    27 |    42 |       ||    77
